 Dungeon Crawl Stone Soup version 0.27.1-16-g815e20cd7a (webtiles) character file.

Game seed: 18263930705511030499

420 riftmaster1123 the Stinger (level 6, -1/47 HPs)
             Began as a Draconian Venom Mage on Nov 21, 2021.
             Was an Initiate of Sif Muna.
             Slain by a phantom (6 damage)
             ... on level 5 of the Dungeon.
             The game lasted 00:38:41 (3994 turns).

riftmaster1123 the Stinger (Draconian Venom Mage)   Turns: 3994, Time: 00:38:42

Health: -1/47      AC: 10    Str: 10    XL:     6   Next: 62%
Magic:  5/10       EV: 12    Int: 18    God:    Sif Muna [......]
Gold:   136        SH:  0    Dex: 11    Spells: 2/10 levels left

rFire    + . .     SeeInvis .   e - +0 mace (venom)
rCold    x . .     Faith    .   (no shield)
rNeg     . . .     Spirit   .   (armour unavailable)
rPois    .         Reflect  .   (helmet restricted)
rElec    .         Harm     .   g - +2 cloak
rCorr    +         Rampage  .   (no gloves)
Will     .....                  x - +0 pair of boots
Stlth    ++........             (no amulet)
HPRegen  0.15/turn              c - ring of fire
MPRegen  0.12/turn              s - ring of resist corrosion

@: no status effects
A: AC +6, unfitting armour, cold-blooded
a: Renounce Religion


You were on level 5 of the Dungeon.
You worshipped Sif Muna.
Sif Muna was noncommittal.
You visited 2 branches of the dungeon, and saw 6 of its levels.

You collected 136 gold pieces.

Inventory:

Hand Weapons
 b - a +0 great sword
 e - a +0 mace of venom (weapon)
 j - a +0 longbow
Missiles
 f - 109 stones
 h - 37 sling bullets
 n - 7 silver javelins (quivered)
 p - 23 arrows
 A - 12 poisoned darts
Armour
 g - a +2 cloak (worn)
 x - a +0 pair of boots (worn)
Jewellery
 c - a ring of fire (left hand)
 q - a ring of fire
 s - a ring of resist corrosion (right hand)
Wands
 v - a wand of flame (10)
Scrolls
 m - a scroll of summoning
 y - a scroll of identify
Potions
 a - a potion of berserk rage
 d - a potion of haste
 i - 2 potions of brilliance
 k - a potion of curing
 l - a potion of flight {unknown}
 o - a potion of lignification
 r - a potion of heal wounds {unknown}
 t - a potion of attraction {unknown}
 u - a potion of might {unknown}
 w - a potion of mutation {unknown}
 z - a potion of degeneration {unknown}


   Skills:
 + Level 1.5 Fighting
 - Level 2.1 Long Blades
 + Level 2.5 Maces & Flails
 + Level 0.3 Throwing
 * Level 2.8 Dodging
 + Level 2.2 Stealth
 * Level 2.9 Spellcasting
 * Level 0.5 Conjurations
 + Level 1.6 Transmutations
 * Level 0.6 Air Magic
 * Level 4.5 Poison Magic


You had 2 spell levels left.
You knew the following spells:

 Your Spells              Type           Power      Damage    Failure   Level
a - Sting                 Tmut/Pois      52%        1d5       4%          1
b - Mephitic Cloud        Conj/Pois/Air  9%         N/A       22%         3
c - Olgreb's Toxic Radia  Pois           18%        N/A       26%         4

Your spell library contained the following spells:

 Spells                   Type           Power      Damage    Failure   Level
 Poisonous Vapours        Pois/Air       22%        N/A       9%          2
 Foxfire                  Conj/Fire      20%        2x1d5     14%         1
 Corpse Rot               Necr/Air       N/A        N/A       22%         2
 Conjure Flame            Conj/Fire      5%         6-21      41%         3
 Inner Flame              Hex/Fire       3%         N/A       45%         3
 Ozocubu's Armour         Ice            2%         N/A       45%         3
 Freezing Cloud           Conj/Ice/Air   2%         6-21      98%         5
 Ozocubu's Refrigeration  Ice            1%         4d5       100%        7


Dungeon Overview and Level Annotations

Branches:
Dungeon (5/15)             Temple (1/1) D:4

Altars:
Ashenzari
Cheibriados
Dithmenos
Fedhas
Gozag
Hepliaklqana
Kikubaaqudgha
Makhleb
Nemelex Xobeh
Okawaru
Qazlal
Ru
Sif Muna
Trog
Uskayaw
Vehumet
Wu Jian
Xom


Innate Abilities, Weirdness & Mutations

Your plain brown scales are hard. (AC +6)
You cannot fit into any form of body armour.
You are cold-blooded and may be slowed by cold attacks.


Message History

You kill the orc priest!
Sif Muna accepts your kill. The phantom hits you!
* * * LOW HITPOINT WARNING * * *
You kill the orc!
Sif Muna accepts your kill. The phantom hits you.
* * * LOW HITPOINT WARNING * * *
You see here a +0 club.
You feel better.
You hit the phantom but do no damage.
The phantom is moderately damaged.
The phantom barely misses you.
The phantom hits you but does no damage.
You hit the phantom.
The phantom is heavily damaged.
The phantom hits you.
* * * LOW HITPOINT WARNING * * *
You hit the phantom but do no damage.
You tail-slap the phantom, but do no damage.
The phantom is heavily damaged.
The phantom hits you.
* * * LOW HITPOINT WARNING * * *
The phantom blinks!
You blink.
Found an escape hatch in the ceiling.
You barely miss the phantom.
The phantom is moderately damaged.
The phantom hits you.
* * * LOW HITPOINT WARNING * * *
The phantom barely misses you.
You barely miss the phantom.
The phantom is moderately damaged.
The phantom hits you but does no damage.
You barely miss the phantom.
You tail-slap the phantom, but do no damage.
The phantom is moderately damaged.
The phantom closely misses you.
You closely miss the phantom.
The phantom is moderately damaged.
The phantom hits you.
You die...

#.# ... #.## ...## .
#...# .. .# #.#.####
..
(...###.#....#####...
..
#.....)...W@.......
..##
#####.#####.....<..
...# #)....=$..####.
...#######.######...#
#..........# ##...
##...#####)# ##..
#..## #).# ... ##..#
##.# ≈≈ ....# .#


You could see a phantom.

Vanquished Creatures
  A scorpion (D:4)
  A crimson imp (D:4)
  A hound (D:5)
  A jelly (D:4)
  A bullfrog skeleton (D:4)
  An orc priest (D:5)
  An orc wizard (D:5)
  4 gnolls (D:4)
  6 adders
  A white imp (D:4)
  A worm (D:2)
  A dart slug (D:1)
  3 orcs
  4 endoplasms
  9 giant cockroaches
  6 goblins
  13 hobgoblins
  A jackal (D:2)
  3 quokkas
  8 ball pythons
  2 bats
  4 frilled lizards
  3 kobolds
  A quokka skeleton (D:4)
  6 rats
83 creatures vanquished.

Vanquished Creatures (others)
  5 plants
5 creatures vanquished.

Grand Total: 88 creatures vanquished

Notes
Turn   | Place    | Note
-------+----------+-------------------------------------------
     0 | D:1      | riftmaster1123 the Draconian Venom Mage began the quest for
                  | the Orb.
     0 | D:1      | Reached XP level 1. HP: 14/14 MP: 3/3
   274 | D:1      | Reached XP level 2. HP: 14/20 MP: 1/5
   519 | D:2      | Found a faded altar of an unknown god.
   785 | D:2      | Reached XP level 3. HP: 18/26 MP: 6/6
   931 | D:2      | Reached skill level 1 in Long Blades
  1340 | D:2      | Reached XP level 4. HP: 16/34 MP: 7/7
  1888 | D:3      | Found a shadowy altar of Dithmenos.
  1987 | D:3      | You fall into a shaft and drop 1 floor!
  2026 | D:4      | Reached skill level 1 in Fighting
  2028 | D:4      | Reached skill level 4 in Poison Magic
  2036 | D:4      | Reached XP level 5. HP: 35/40 MP: 8/8
  2049 | D:4      | Reached skill level 1 in Maces & Flails
  2415 | D:4      | Found a staircase to the Ecumenical Temple.
  2439 | Temple   | Entered the Ecumenical Temple
  2791 | D:4      | Reached XP level 6. HP: 40/47 MP: 8/10
  2795 | D:4      | Learned a level 3 spell: Mephitic Cloud
  2800 | D:4      | Learned a level 4 spell: Olgreb's Toxic Radiance
  3026 | D:3      | Found a shimmering blue altar of Sif Muna.
  3030 | D:3      | Found a hide-covered altar of Uskayaw.
  3030 | D:3      | Found a radiant altar of Vehumet.
  3030 | D:3      | Found an iron altar of Okawaru.
  3055 | D:3      | Became a worshipper of Sif Muna the Loreminder
  3908 | D:5      | Entered Level 5 of the Dungeon
  3994 | D:5      | Slain by a phantom

Illustrated notes

Levels and vault maps discovered:
D:1:      dpeg_arrival_shelter, layout_rooms, minivault_24,
          chequers_serial_rivers_room_b, minivault_24, minmay_heptomino_d4
D:2:      minmay_diamond_boxcup, layout_loops_ring,
          shapermc_ecumenical_altar_hornbeckon, minmay_box_of_dots
D:3:      layout_loops_ring, nicolae_overflow_hidden_temple,
          grunt_temple_overflow_open, dk_noncrumbling_4, minmay_diced_spiral
D:4:      layout_gridville, minmay_temple_entry_glass, kennysheep_path_1,
          minmay_fire_ice_demons
D:5:      layout_rooms, serial_bayou_pond_b, chequers_serial_rivers_micro_b,
          lightli_church_of_beogh, uniq_ijyb, uniq_sigmund, uniq_menkaure
Temple:   nicolae_temple_god_jail

Skill      XL: |  1  2  3  4  5 |
---------------+----------------+-----
Long Blades    | 1 2 |  2.1
Dodging        | 2 |  2.8
Fighting       | 1 |  1.5
Poison Magic   | 4 |  4.5
Maces & Flails | 2 |  2.5
Stealth        | 2 |  2.2
Throwing       | |  0.3
Spellcasting   | |  2.9
Conjurations   | |  0.5
Transmutations | |  1.6
Air Magic      | |  0.6

Action                   |  1- 3 |  4- 6 || total
-------------------------+-------+-------++-------
Melee: Great sword       |    62 |    29 ||    91
       Tailslap          |     4 |    12 ||    16
       Mace              |       |   108 ||   108
Throw: Javelin           |     4 |     5 ||     9
 Cast: Sting             |    13 |    14 ||    27
       Mephitic Cloud    |       |     1 ||     1
  Use: Scroll            |     5 |     4 ||     9
       Potion            |     2 |     2 ||     4
 Stab: Sleeping          |     1 |     1 ||     2
Armor: Skin              |    26 |    76 ||   102
Dodge: Dodged            |    61 |    83 ||   144
       Rpst.: Great sword |    22 |    13 ||    35
